 Dungeon Crawl Stone Soup version 0.28-a0-1182-g381e24db82 (webtiles) character file.

Game seed: 11814412857440578783

131 Lavandula the Ruffian (level 5, -4/37 HPs)
             Began as a Formicid Transmuter on Dec 17, 2021.
             Slain by a gnoll (9 damage)
             ... on level 3 of the Dungeon.
             The game lasted 00:06:03 (3046 turns).

Lavandula the Ruffian (Formicid Transmuter)         Turns: 3046, Time: 00:06:04

Health: -4/37      AC:  2    Str: 14    XL:     5   Next: 37%
Magic:  5/8        EV: 19    Int: 15    God:
Gold:   63         SH:  0    Dex: 16    Spells: 2/8 levels left

rFire   . . .      SeeInvis .     - Unarmed
rCold   . . .      Faith    .   (shield currently unavailable)
rNeg    . . .      Spirit   .   (armour currently unavailable)
rPois   x          Reflect  .   (helmet unavailable)
rElec   .          Harm     .   (cloak currently unavailable)
rCorr   .          Rampage  .   (gloves currently unavailable)
Will    .....                   (boots currently unavailable)
Stlth   +.........              (no amulet)
HPRegen 0.12/turn               (no ring)
MPRegen 0.11/turn               (no ring)

@: spider-form
A: venomous fangs, permanent stasis, dig shafts and tunnels, tiny, (antennae 3),
four strong arms
a: End Transformation


You were on level 3 of the Dungeon.
You were a venomous arachnid creature.
You visited 1 branch of the dungeon, and saw 4 of its levels.

You collected 63 gold pieces.

Inventory:

Missiles
 b - 12 poisoned darts (quivered)
Armour
 a - a +0 robe (melded)
Jewellery
 d - a +6 ring of strength
 g - a ring of fire
Scrolls
 c - a scroll of identify {unknown}
 e - 2 scrolls of teleportation {unknown}
Potions
 f - a potion of cancellation {unknown}


   Skills:
 - Level 1.1 Fighting
 - Level 1.7 Dodging
 - Level 4.0 Unarmed Combat
 - Level 2.1 Spellcasting
 + Level 4.0 Transmutations
 - Level 3.0 Poison Magic


You had 2 spell levels left.
You knew the following spells:

 Your Spells              Type           Power      Damage    Failure   Level
a - Beastly Appendage     Tmut           26%        N/A       13%         1
b - Wereblood             Tmut           13%        N/A       17%         2
c - Spider Form           Tmut/Pois      12%        N/A       34%         3

Your spell library contained the following spells:

 Spells                   Type           Power      Damage    Failure   Level
 Ice Form                 Ice/Tmut       7%         N/A       85%         4


Dungeon Overview and Level Annotations

Branches:
Dungeon (4/15)
 Temple: D:4-7

Altars:


Innate Abilities, Weirdness & Mutations

You are a venomous arachnid creature.
You have poisonous fangs.
You are tiny and dextrous.
Your spellcasting is less reliable in this form.
Your armour is entirely melded.
You are incapable of wielding weapons or throwing items.
You cannot be hasted, slowed, berserked, paralysed or teleported.
You can dig through walls and to a lower floor.
((You have a pair of large antennae on your head. (SInv)))
Your four strong arms can wield two-handed weapons with a shield.


Message History

3 stones; a +0 dagger; a kobold skeleton A gnoll is nearby!
A gnoll is nearby!
A gnoll is nearby!
A gnoll is nearby!
The gnoll shouts! x2
Casting: Beastly Appendage (safe; 4% risk of failure)
Confirm with . or Enter, or press ? or * to list all spells.
The spell is quite dangerous to miscast (16% risk of failure)!
Continue anyway?
You turn into a venomous arachnid creature.
Your +0 robe melds into your body.
A gnoll comes into view. It is wielding a +0 club.
The gnoll shouts!
The gnoll hits you with a +0 spear. The gnoll closely misses you.
You see here an amethyst potion.
You hit the gnoll.
The gnoll is poisoned.
The gnoll is lightly wounded.
The gnoll hits you with a +0 spear. The gnoll barely misses you.
You hit the gnoll.
The gnoll is poisoned.
The gnoll is lightly wounded.
The gnoll barely misses you. The gnoll closely misses you.
The gnoll closely misses you.
The gnoll hits you from afar with a +0 halberd!
Your transformation is almost over.
The gnoll looks more healthy.
Your transformation has ended.
Your +0 robe unmelds from your body.
Casting: Spider Form (quite dangerous; 16% risk of failure)
Confirm with . or Enter, or press ? or * to list all spells.
The spell is quite dangerous to miscast (16% risk of failure)!
Continue anyway?
You turn into a venomous arachnid creature.
Your +0 robe melds into your body.
The gnoll hits you from afar with a +0 halberd!
The gnoll looks more healthy.
The gnoll closely misses you. The gnoll hits you with a +0 halberd!
* * * LOW HITPOINT WARNING * * *
The gnoll completely misses you. The gnoll misses you.
The gnoll hits you from afar with a +0 spear!
You die...

..............)...###..#.##......
.#.#.##.##.##.##..#..)...........
...).....................##....##
...#.##.##.#####..#.#..#.##....#
...#.##(##........#.#..#.##....##
.#.#.##.##..........##.........))
...........#####..#.####.########
...............#..#.# #.........
.#.#.###...##..#s.#.####.########
...............gg......<.........
.#######...##.g##.#.####.###.####
.# ............#.# #.# #.# .#
###.#.###......####.###.#### .#
#......................... .#
#######.#############.##.. .# #.#
#.#### #.# #.####


You could see 3 gnolls.

Vanquished Creatures
  Robin (D:3)
  2 gnolls (D:3)
  2 adders (D:2)
  2 worms
  4 orcs (D:3)
  2 ball pythons
  2 bats
  10 endoplasms
  A giant cockroach (D:3)
  15 goblins
  10 hobgoblins
  4 jackals
  3 frilled lizards (D:2)
  4 kobolds
  4 rats
66 creatures vanquished.

Notes
Turn   | Place    | Note
-------+----------+-------------------------------------------
     0 | D:1      | Lavandula the Formicid Transmuter began the quest for the
                  | Orb.
     0 | D:1      | Reached XP level 1. HP: 15/15 MP: 3/3
    59 | D:1      | Reached XP level 2. HP: 15/21 MP: 3/5
    62 | D:1      | Learned a level 2 spell: Wereblood
   721 | D:2      | Reached XP level 3. HP: 26/26 MP: 6/6
   725 | D:2      | Learned a level 3 spell: Spider Form
  1324 | D:2      | Reached skill level 1 in Poison Magic
  1331 | D:2      | You fall into a shaft and drop 2 floors!
  1715 | D:3      | Reached XP level 4. HP: 32/32 MP: 0/7
  1848 | D:3      | Noticed Robin
  1857 | D:3      | Killed Robin
  2183 | D:2      | Reached XP level 5. HP: 20/37 MP: 4/8
  3046 | D:3      | Slain by a gnoll

Illustrated notes

Levels and vault maps discovered:
D:1:      ncdulo_halloftheorcs, layout_rooms
D:2:      layout_rooms, kennysheep_potato
D:3:      layout_basic, uniq_robin
D:4:      layout_cave_pools, mainiacjoe_overflow_small_starburst,
          lemuel_doored_altar, gammafunk_ghost_necromancy

Skill      XL: |  1  2  3  4  5 |
---------------+----------------+-----
Unarmed Combat | 4 |  4.0
Poison Magic   | 1 3 |  3.0
Transmutations | 3 4 |  4.0
Fighting       | |  1.1
Dodging        | |  1.7
Spellcasting   | |  2.1

Action                   |  1- 3 |  4- 6 || total
-------------------------+-------+-------++-------
Melee: Unarmed           |    64 |    87 ||   151
       Kick              |    12 |       ||    12
       Punch             |     2 |       ||     2
Throw: Dart              |    48 |     1 ||    49
 Cast: Beastly Appendage |    11 |     2 ||    13
       Wereblood         |     1 |       ||     1
       Spider Form       |     2 |    16 ||    18
 Abil: Shaft Self        |     1 |       ||     1
 Stab: Sleeping          |     1 |       ||     1
Armor: Robe              |    11 |     2 ||    13
Dodge: Dodged            |    31 |    75 ||   106

Table legend: (Time is in decaauts)
 A = Elapsed time spent in this place.
 B = Non-inter-level travel time spent in this place.
 C = Inter-level travel time spent in this place.
 D = Time resting spent in this place.
 E = Time spent auto-exploring this place.
 F = Levels seen in this place.
 G = Mean time per level.
                   A        B        C        D        E       F      G
               +--------+--------+--------+--------+--------+-----+--------+
         Total |   3037 |   2977 |     60 |    665 |   1702 |   4 |  759.2 |
       Dungeon |   3037 |   2977 |     60 |    665 |   1702 |   4 |  759.2 |
               +--------+--------+--------+--------+--------+-----+--------+

Top non-repeatable levels by time:
     D:3: 1011 daAuts
     D:1: 1008 daAuts
     D:2: 1003 daAuts
     D:4: 14 daAuts
